AoeStats
← Alerius

Arabian Desert

510442397Analyzed
1v1 RM · 2d ago on Oct 1, 2026· 51m 54s· 2 players
Game mode
Random Map
Map size
Tiny (2 player)
Population
200
Speed
Normal
Resources
Standard
Victory
Conquest
Starting age
Dark Age
Ending age
Imperial Age
RankedLock teamsTeams togetherTeam positionsShared explorationLock speedFull tech treeHidden civsTurbo modeCheats
Victory
Defeat
🇲🇽 Franks · Mexico
1000
+18
🇺🇸 Italians · United States
1033
-43
OM | Massiosare
5:13 Loom
9:01 Feudal Age
10:20 Double-Bit Axe
17:36 Scale Barding Armor
18:43 Forging
23:08 Castle Age
24:47 Husbandry
25:09 Chain Barding Armor
25:30 Bow Saw
25:31 Gold Mining
29:50 Iron Casting
37:16 Wheelbarrow
41:06 Imperial Age
40:09 Hand Cart
43:38 Ballistics
43:37 Cavalier
45:25 Blast Furnace
45:24 Plate Barding Armor
45:47 Gold Shaft Mining
48:07 Paladin
51:46 Chemistry
Alerius
4:01 Loom
7:12 Loom
9:41 Feudal Age
10:48 Double-Bit Axe
13:15 Horse Collar
18:42 Gold Mining
20:16 Fletching
23:38 Castle Age
23:04 Padded Archer Armor
23:12 Stone Mining
23:44 Crossbowman
24:24 Bodkin Arrow
27:54 Bow Saw
35:04 Ballistics
35:22 Leather Archer Armor
40:25 Imperial Age
38:55 Wheelbarrow
43:11 Bracer
44:37 Two-Man Saw
43:45 Heavy Plow
45:12 Guilds
46:48 Elite Genoese Crossbowman
51:05 Conscription
Connection lost

Rejoining the realm…

Still unreachable

The connection could not be restored.

Session expired

The server has moved on; the page needs a fresh start.